 Dungeon Crawl Stone Soup version 0.31-a0-1074-g0b22e4e0f1 (webtiles) character file.

Game seed: 16658272156370959336

1159 pokeman the Thaumaturge (level 8, -1/44 HPs)
             Began as a Deep Elf Hedge Wizard on Dec 7, 2023.
             Was a Follower of Vehumet.
             Succumbed to a killer bee's poison
             ... on level 5 of the Dungeon.
             The game lasted 00:16:15 (5877 turns).

pokeman the Thaumaturge (Deep Elf Hedge Wizard)     Turns: 5877, Time: 00:16:15

Health: -1/44      AC:  6    Str:  7    XL:     8   Next: 16%
Magic:  17/23      EV: 13    Int: 22    God:    Vehumet [*.....]
Gold:   207        SH:  0    Dex: 14    Spells: 18/26 levels left

rFire   . . .        v - +2 falchion (heavy)
rCold   . . .        (no shield)
rNeg    . . .        b - +0 robe
rPois   .            n - +0 helmet
rElec   .            t - +0 cloak
rCorr   .            (no gloves)
SInv    .            y - +1 pair of boots
Will    .....        x - amulet of regeneration
Stlth   ++           (no ring)
HPRegen 1.07/turn    (no ring)
MPRegen 0.18/turn

%: no passive effects
@: mighty, lethally poisoned (-1 -> -8)
A: no striking features
a: Renounce Religion


You were on level 5 of the Dungeon.
You worshipped Vehumet.
Vehumet was aware of your devotion.
You visited 2 branches of the dungeon, and saw 6 of its levels.

You collected 207 gold pieces.

Inventory:

Hand Weapons
 v - a +2 heavy falchion (weapon)
Armour
 b - a +0 robe (worn)
 n - a +0 helmet (worn)
 t - a +0 cloak (worn)
 y - a +1 pair of boots (worn)
Jewellery
 x - an amulet of regeneration (around neck)
Wands
 k - a wand of charming (7)
Scrolls
 e - 2 scrolls of blinking {unknown}
 h - a scroll of revelation {unknown}
 i - a scroll of enchant weapon {unknown}
 l - 4 scrolls of poison {unknown}
 o - a scroll of enchant armour {unknown}
 p - 3 scrolls of amnesia {unknown}
 q - 3 scrolls of teleportation {unknown}
 r - a scroll of fear {unknown}
 s - a scroll of identify {unknown}
 u - a scroll of immolation {unknown}
Potions
 a - a potion of might
 c - 2 potions of brilliance {unknown}
 d - a potion of magic
 f - 2 potions of lignification {unknown}
 g - 3 potions of curing {unknown}
 j - 2 potions of invisibility {unknown}
 m - a potion of enlightenment {unknown}
 w - a potion of haste {unknown}


   Skills:
 - Level 2.0 Fighting
 + Level 2.6 Armour
 - Level 3.0 Dodging
 - Level 3.0 Stealth
 * Level 9.7 Spellcasting
 + Level 5.0 Conjurations
 - Level 1.1 Summonings
 - Level 1.1 Translocations
 - Level 1.0 Air Magic
 - Level 1.3 Poison Magic
 - Level 1.0 Evocations


You had 18 spell levels left.
You knew the following spells:

 Your Spells              Type           Power      Damage    Failure   Level
a - Magic Dart            Conj           100%       1d8       1%          1
b - Mephitic Cloud        Conj/Pois/Air  21%        N/A       7%          3
c - Call Imp              Summ           30%        N/A       6%          2
d - Blink                 Tloc           30%        N/A       6%          2

Your spell library contained the following spells:

 Spells                   Type           Power      Damage    Failure   Level
 Shock                    Conj/Air       92%        1d8       1%          1
 Slow                     Hex            40%        N/A       6%          1
 Cigotuvi's Dreadful Rot  Necr/Pois/Air  28%        N/A       7%          2
 Ensorcelled Hibernation  Hex/Ice        20%        N/A       10%         2
 Jinxbite                 Hex            20%        N/A       10%         2
 Manifold Assault         Tloc           15%        N/A       36%         4
 Anguish                  Hex/Necr       5%         N/A       52%         4


Dungeon Overview and Level Annotations

Branches:
Dungeon (5/15)             Temple (1/1) D:4

Altars:
Ashenzari
Cheibriados
Dithmenos
Elyvilon
Gozag
Hepliaklqana
Kikubaaqudgha
Makhleb
Nemelex Xobeh
Okawaru
Qazlal
Sif Muna
Trog
Uskayaw
Vehumet
Wu Jian
Xom
Yredelemnul
Zin
The Shining One

Annotations:
D:3 3 runed translucent doors, pigah's ghost, novice OpSh


Message History

Unknown command.
You slash the killer bee!
The killer bee is severely wounded.
You feel very sick. The killer bee misses you.
The killer bee closely misses you. x2
The killer bee stings you.
You are more poisoned.
The killer bee poisons you!
The killer bee barely misses itself.
Unknown command.
You slash the killer bee!
The killer bee is almost dead.
You feel very sick. The killer bee stings you!
You are more poisoned.
The killer bee poisons you!
The killer bee stings you but does no damage.
The killer bee completely misses itself.
The killer bee stings you. x2
You are lethally poisoned!
The killer bee poisons you!
You slash the killer bee!
You kill the killer bee!
Vehumet accepts your kill.
* * * LOW HITPOINT WARNING * * *
You feel extremely sick.
Your Conjurations skill increases to level 5!
Unknown command.
Casting: Mephitic Cloud (dangerous; 7% risk of failure)
Confirm with . or Enter, or press ? or * to list all spells.
Aiming: Magic Dart (safe; 1% risk of failure)
Press: ? - help, Shift-Dir - straight line, f/p - killer bee
Aim: a killer bee (severely wounded, confused, 100% to hit)
The magic dart hits the killer bee but does no damage.
The killer bee is severely wounded.
* * * LOW HITPOINT WARNING * * *
You feel very sick. The killer bee closely misses you.
It was a potion of might.
You feel very mighty all of a sudden.
You die...

. #.........)......#
..######.).......)......#
.........)))...............#
................##.##......#
#......).#########.##....#...
########.....#####.##........
......................#....
.........y.........####...
..........@.......
...........†#.....
............# ##..
.....)...!..# ......./..###
.........# .........
.........


You could see a killer bee (confused).

Vanquished Creatures
  A black bear (D:4)
  A sky beast (D:4)
  An ice beast (D:5)
  A scorpion (D:4)
  5 killer bees
  A hound (D:4)
  3 orc priests (D:3)
  A jelly (D:4)
  An iguana (D:5)
  A sleepcap (D:4)
  Jessica (D:2)
  5 orc wizards
  Robin (D:2)
  4 gnolls
  4 adders
  3 worms (D:2)
  11 dart slugs
  20 orcs
  7 ball pythons
  7 bats
  6 endoplasms
  3 giant cockroaches (D:1)
  17 goblins
  13 hobgoblins
  4 jackals (D:1)
  6 kobolds
  A quokka (D:2)
  5 frilled lizards
  3 rats
137 creatures vanquished.

Vanquished Creatures (collateral kills)
  An endoplasm (D:2)
1 creature vanquished.

Grand Total: 138 creatures vanquished

Notes
Turn   | Place    | Note
-------+----------+-------------------------------------------
     0 | D:1      | pokeman the Deep Elf Hedge Wizard began the quest for the
                  | Orb.
     0 | D:1      | Reached XP level 1. HP: 10/10 MP: 7/7
   226 | D:1      | Reached XP level 2. HP: 15/15 MP: 6/9
   840 | D:1      | Reached skill level 5 in Spellcasting
  1081 | D:1      | Reached XP level 3. HP: 20/20 MP: 6/11
  1090 | D:1      | Learned a level 3 spell: Mephitic Cloud
  1093 | D:1      | Learned a level 2 spell: Call Imp
  1096 | D:1      | Learned a level 2 spell: Blink
  1670 | D:1      | Reached skill level 1 in Fighting
  1703 | D:1      | Reached skill level 1 in Armour
  1935 | D:2      | Noticed Jessica
  1938 | D:2      | Killed Jessica
  1939 | D:2      | Reached XP level 4. HP: 25/25 MP: 5/13
  2141 | D:2      | Found an ancient bone altar of Kikubaaqudgha.
  2369 | D:2      | Noticed Robin
  2494 | D:2      | Killed Robin
  2499 | D:2      | Reached skill level 6 in Spellcasting
  2591 | D:2      | Reached XP level 5. HP: 15/29 MP: 7/15
  2692 | D:2      | Found a faded altar of an unknown god.
  3398 | D:3      | Reached skill level 1 in Evocations
  3402 | D:3      | Reached skill level 1 in Air Magic
  3500 | D:3      | Found a runed translucent gate.
  3501 | D:3      | Found a runed translucent gate.
  3503 | D:3      | Found a runed translucent gate.
  3505 | D:3      | Noticed pigah's ghost (novice OpSh)
  3611 | D:3      | Reached skill level 1 in Poison Magic
  3743 | D:3      | Reached XP level 6. HP: 22/34 MP: 6/17
  4178 | D:3      | Reached skill level 7 in Spellcasting
  4443 | D:4      | Reached XP level 7. HP: 22/39 MP: 8/20
  4694 | D:4      | Found an ornate altar of the Wu Jian Council.
  4708 | D:4      | Reached skill level 8 in Spellcasting
  4884 | D:4      | Found a staircase to the Ecumenical Temple.
  4902 | Temple   | Entered the Ecumenical Temple
  4913 | Temple   | Became a worshipper of Vehumet
  5562 | D:5      | Entered Level 5 of the Dungeon
  5639 | D:5      | Reached skill level 9 in Spellcasting
  5644 | D:5      | Reached * piety under Vehumet
  5644 | D:5      | Offered knowledge of Shock by Vehumet.
  5777 | D:5      | Reached XP level 8. HP: 13/44 MP: 8/23
  5876 | D:5      | Reached skill level 5 in Conjurations
  5876 | D:5      | HP: 2/44 [poisoned by a killer bee]
  5877 | D:5      | Succumbed to a killer bee's poison

Illustrated notes

Levels and vault maps discovered:
D:1:      minmay_arrival_checkered_box, layout_basic
D:2:      layout_rooms, basic_altar, chequers_ecumenical_altar_twisty,
          uniq_jessica, uniq_robin
D:3:      layout_loops_cross, gammafunk_ghost_nasty_kobolds
D:4:      kennysheep_slugbush, layout_loops_ring,
          nicolae_wu_jian_immortal_techniques, minmay_temple_entry_tees,
          minmay_crystal_room
D:5:      layout_basic
Temple:   hellmonk_temple_of_storms

Skill      XL: |  1  2  3  4  5  6  7  8 |
---------------+-------------------------+-----
Spellcasting   | 5 6 7 9 |  9.7
Fighting       | 1 2 |  2.0
Armour         | 1 2 |  2.6
Conjurations   | 2 3 4 5 |  5.0
Dodging        | 3 |  3.0
Stealth        | 3 |  3.0
Evocations     | 1 |  1.0
Air Magic      | 1 |  1.0
Poison Magic   | 1 |  1.3
Summonings     | |  1.1
Translocations | |  1.1

Action                     |  1- 3 |  4- 6 |  7- 9 || total
---------------------------+-------+-------+-------++-------
  Melee: Dagger            |    17 |    44 |       ||    61
         Punch             |       |     1 |       ||     1
         Falchion          |       |    18 |    38 ||    56
   Cast: Magic Dart        |    93 |   107 |    88 ||   288
         Mephitic Cloud    |     1 |    17 |     9 ||    27
         Call Imp          |       |     4 |     2 ||     6
         Blink             |       |     1 |     1 ||     2
    Use: Potion            |       |       |     1 ||     1
   Stab: Sleeping          |     2 |     1 |       ||     3
         Confused          |     1 |     7 |     2 ||    10
 Armour: Robe              |    18 |    43 |    33 ||    94
  Dodge: Dodged            |    18 |    65 |    47 ||   130

Table legend: (Time is in decaauts)
 A = Elapsed time spent in this place.
 B = Non-inter-level travel time spent in this place.
 C = Inter-level travel time spent in this place.
 D = Time resting spent in this place.
 E = Time spent auto-exploring this place.
 F = Levels seen in this place.
 G = Mean time per level.
                   A        B        C        D        E       F      G
               +--------+--------+--------+--------+--------+-----+--------+
         Total |   5939 |   5825 |    114 |    468 |   4449 |   6 |  989.8 |
       Dungeon |   5917 |   5813 |    104 |    468 |   4449 |   5 | 1183.4 |
        Temple |     22 |     12 |     10 |      0 |      0 |   1 |   22.0 |
               +--------+--------+--------+--------+--------+-----+--------+

Top non-repeatable levels by time:
     D:1: 2000 daAuts
     D:3: 1241 daAuts
     D:2: 1188 daAuts
     D:4: 1151 daAuts
     D:5: 334 daAuts
  Temple: 22 daAuts
